Map: Lost and Found LE

Players

Bullseye

  • Race: Zerg Zerg
  • League: Platinum
  • Spawn Location: 1:00

Storm - Winner!

  • Race: Protoss Protoss
  • League: Platinum
  • Spawn Location: 7:00

VOD

Have the link to the VOD?

Description

Time

  • Played on: Sept. 4, 2018, 10:52 p.m.
  • Length: 10:21
Show
View Real Time Build Order
Export as new Build Order

Bullseye Zerg 

Build Orders: Hatch First 

Get SALT Encoding   

  12  0:00  Drone  
  13  0:12  Overlord  
  13  0:16  Drone  
  14  0:31  Drone x2  
  14  0:35  Drone  
  17  0:55  Hatchery  
  17  0:57  Drone  
  17  0:59  Drone  
  18  1:07  Drone  
  19  1:27  Spawning Pool  
  19  1:28  Drone  
  19  1:35  Drone  
  19  1:38  Extractor  
  19  1:46  Overlord  
  19  1:54  Drone  
  20  2:23  Drone x2  
  20  2:24  Drone x3  
  25  2:32  Zergling x2  
  25  2:35  Zergling x2  
  27  2:38  Queen  
  27  2:39  Queen  
  31  2:50  Zergling x4  
  31  2:51  Zergling x2  
  34  2:58  Drone  
  35  3:00  Hatchery  
  34  3:07  Roach Warren  
  33  3:16  Drone x3  
  35  3:44  Drone  
  35  3:47  Overlord x5  
  34  4:05  Drone x3  
  34  4:06  Drone x3  
  40  4:15  Extractor  
  40  4:16  Drone x2  
  40  4:17  Drone  
  42  4:22  Drone  
  43  4:33  Roach  
  43  4:34  Roach x2  
  43  4:36  Roach x2  
  53  4:40  Extractor  
  52  4:49  Roach x2  
  52  4:50  Roach x6  
  68  4:53  Hatchery  
  68  4:55  Drone  
  68  5:06  Roach x3, Extractor  
  73  5:09  Overlord x2  
  73  5:12  Roach  
  73  5:13  Roach  
  76  5:39  Roach  
  76  5:40  Roach x7  
  92  5:49  Roach  
  86  6:11  Roach  
  86  6:12  Roach x5  
  95  6:37  Roach x2  
  95  6:38  Roach x3  
  103  6:53  Lair  
  103  7:07  Overlord x5  
  103  7:08  Overlord  
  103  7:20  Overlord x2  
  103  7:21  Overlord x2  
  103  7:36  Ravager x5  
  109  7:37  Ravager x5  
  113  8:12  Drone  
  114  8:13  Drone x10, Hydralisk Den  
  78  8:51  Hydralisk x3  
  78  8:52  Hydralisk x8  
  96  9:00  Extractor  
  95  9:04  Extractor  
  95  9:05  Drone x4  
  68  9:55  Overseer x2  
  68  9:56  Overseer  
Show
View Real Time Build Order
Export as new Build Order

Storm Protoss - Winner!

Build Orders: 1 Gate Expand 

Get SALT Encoding   

  12  0:01  Probe  
  13  0:13  Probe  
  14  0:19  Pylon  
  14  0:25  Probe  
  15  0:37  Probe  
  16  0:44  Gateway  
  16  0:49  Probe  
  17  0:57  Probe  
  18  1:30  Nexus  
  18  1:34  Cybernetics Core  
  18  1:39  Probe  
  19  1:43  Pylon  
  19  1:46  Assimilator  
  19  2:04  Probe  
  20  2:12  Probe  
  20  2:20  Stalker  
  20  2:22  Gateway  
  21  2:24  Gateway  
  23  2:43  Warp Gate  
  23  2:45  Probe  
  23  2:50  Assimilator  
  24  2:52  Assimilator  
  24  2:57  Probe  
  25  2:58  Adept  
  25  3:01  Assimilator  
  25  3:05  Gateway  
  25  3:09  Probe  
  28  3:17  Probe  
  28  3:18  Gateway  
  29  3:21  Probe  
  29  3:25  Adept  
  32  3:30  Probe  
  31  3:48  Pylon  
  31  3:52  Robotics Facility  
  31  3:56  Adept  
  33  4:05  Shield Battery  
  33  4:09  Pylon, Probe  
  33  4:12  Probe  
  35  4:18  Probe  
  35  4:21  Twilight Council  
  36  4:24  Probe  
  36  4:27  Probe  
  36  4:30  Sentry  
  40  4:36  Probe  
  41  4:39  Probe  
  41  4:41  Warp Prism  
  41  4:45  Probe  
  44  4:51  Probe  
  46  4:53  Probe  
  46  4:58  Forge  
  47  5:03  Probe  
  48  5:07  Charge  
  48  5:11  Stalker  
  48  5:12  Stalker x2  
  54  5:14  Zealot  
  56  5:51  Zealot x3  
  60  6:01  Gateway  
  60  6:04  Gateway  
  50  6:06  Zealot x2  
  50  6:07  Pylon  
  50  6:08  Pylon  
  50  6:09  Pylon  
  50  6:13  Zealot x3  
  50  6:15  Protoss Ground Weapons Level 1  
  54  6:32  Zealot x2  
  48  6:43  Immortal, Gateway  
  48  6:45  Gateway  
  52  6:48  Probe x2  
  46  7:00  Probe  
  47  7:04  Dark Shrine  
  47  7:08  Gateway  
  47  7:10  Pylon  
  47  7:12  Pylon  
  47  7:20  Zealot x3  
  47  7:21  Zealot  
  55  7:39  Zealot  
  55  7:42  Zealot x3  
  63  7:49  Nexus  
  63  7:55  Immortal  
  67  8:12  Stalker x2  
  69  8:13  Stalker x2  
  75  8:20  Zealot  
  75  8:21  Zealot  
  77  8:31  Dark Templar x2  
  73  8:41  Stalker x2  
  71  8:44  Zealot  
  71  8:48  Dark Templar  
  75  8:58  Probe  
  75  8:59  Probe  
  75  9:00  Probe  
  78  9:06  Probe  
  78  9:07  Probe  
  78  9:12  Probe  
  79  9:25  Probe  
  79  9:27  Assimilator  
  79  9:28  Assimilator  
  80  9:31  Stalker  
  80  9:32  Stalker x2  
  80  9:34  Dark Templar  
  80  9:36  Sentry  
  78  9:46  Dark Templar  
  78  9:47  Dark Templar x2  
  72  10:07  Pylon  
  72  10:08  Pylon  
  72  10:10  Pylon  
  68  10:17  Stargate  
  68  10:20  Stargate  
Tags
 
Add a new tag
Caveats
  • Supply blocks, unpowered buildings, or Contaminate may cause inaccurate times.
  • Supply counts are checked every 10 seconds.